 Dungeon Crawl Stone Soup version 0.23.0-33-g5e6c059 (webtiles) character file.

Game seed: 15509276402457375784

23 Hasart the Digger (level 2, -1/15 HPs)
             Began as a Deep Elf Earth Elementalist on Feb 27, 2019.
             Slain by a hobgoblin
             ... wielding a +0 club
             ... led by Robin
              (6 damage)
             ... on level 2 of the Dungeon.
             The game lasted 00:02:30 (710 turns).

Hasart the Digger (Deep Elf Earth Elementalist)      Turns: 710, Time: 00:02:31

Health: -1/15      AC:  4    Str:  5    XL:     2   Next: 72%
Magic:  5/8        EV: 13    Int: 19    God:
Gold:   104        SH:  0    Dex: 15    Spells: 6/7 levels left

rFire    . . .     SeeInvis .   a - +0 spear
rCold    . . .     Gourm    .   (no shield)
rNeg     . . .     Faith    +   c - +0 robe
rPois    .         Spirit   .   j - +0 helmet
rElec    .         Reflect  .   i - +0 cloak (curse)
rCorr    .         Harm     .   (no gloves)
MR       .....                  (no boots)
Stlth    ++........             g - amulet of faith
HPRegen  0.05/turn              (no ring)
MPRegen  0.11/turn              (no ring)

@: no status effects
A: no striking features
a: no special abilities


You were on level 2 of the Dungeon.
You were not hungry.

You visited 1 branch of the dungeon, and saw 2 of its levels.

You collected 104 gold pieces.

Inventory:

Hand Weapons
 a - a +0 spear (weapon)
Missiles
 b - 28 stones (quivered)
Armour
 c - a +0 robe (worn)
 i - a cursed +0 cloak (worn)
 j - a +0 helmet (worn)
Jewellery
 g - an amulet of faith (around neck)
Scrolls
 h - a scroll of enchant weapon {unknown}
 k - a scroll of enchant armour {unknown}
Potions
 e - 4 potions of might {unknown}
Comestibles
 d - 6 rations
 f - 7 chunks of flesh


   Skills:
 + Level 2.9 Dodging
 - Level 2.4 Stealth
 + Level 3.4 Spellcasting
   Level 1.1 Transmutations
 * Level 3.9 Earth Magic


You had 6 spell levels left.
You knew the following spells:

 Your Spells              Type           Power        Failure   Level  Hunger
a - Sandblast             Erth           ###...       2%          1    None

Your spell library contained the following spells:

 Spells                   Type           Power        Failure   Level  Hunger
 Passwall                 Tmut/Erth      ##......     8%          2    ##.....
 Stone Arrow              Conj/Erth      ##....       19%         3    ###....
 Petrify                  Tmut/Erth      ##......     45%         4    ####...
 Lee's Rapid Deconstruct  Erth           ###.......   61%         5    ######.


Dungeon Overview and Level Annotations

Branches:
Dungeon (2/15)

Altars:

Annotations:
D:2 Robin


Message History

Casting: Sandblast (safe; 2% risk of failure)
Confirm with . or Enter, or press ? or * to list all spells.
Aiming: Sandblast (safe; 2% risk of failure)
Press: ? - help, Shift-Dir - straight line, f/p - hobgoblin
Aim: a hobgoblin, wielding a -3 club (almost dead, unusually strong)
The blast of sand misses the hobgoblin.
b - 29 stones The hobgoblin hits you with a cursed -3 club!
Ouch! That really hurt!
Unknown command.
Casting: Sandblast (safe; 2% risk of failure)
Confirm with . or Enter, or press ? or * to list all spells.
Aiming: Sandblast (safe; 2% risk of failure)
Press: ? - help, Shift-Dir - straight line, f/p - hobgoblin
Aim: a hobgoblin, wielding a -3 club (almost dead, unusually strong)
The blast of sand hits the hobgoblin but does no damage.
The hobgoblin is almost dead.
b - 28 stones The hobgoblin barely misses you.
The hobgoblin hits you with a +0 club.
You die...

#...##...####
#....<........
#...##....###.
#...#..##.#
..##.....## .#
#.......## ..
###......####.# ###
...#........# .[...
##...##.@g..# #..g..
#......ggg.# ..#...
#.###.g....###.)....
... ##.....gg.......
#..#######g###gg......
#....................
#............g....#.
#.......).............
...#######.#..##..#...


You could see Robin, 6 hobgoblins and 3 goblins.

Vanquished Creatures
  A dart slug (D:1)
  A giant cockroach (D:1)
  4 hobgoblins
  A kobold (D:1)
  A ball python (D:1)
  2 bats (D:1)
  2 frilled lizards (D:1)
  6 goblins (D:1)
  A rat (D:1)
19 creatures vanquished.

Notes
Turn   | Place    | Note
-------+----------+-------------------------------------------
     0 | D:1      | Hasart the Deep Elf Earth Elementalist began the quest for
                  | the Orb.
     0 | D:1      | Reached XP level 1. HP: 10/10 MP: 6/6
   176 | D:1      | Reached XP level 2. HP: 12/15 MP: 8/8
   699 | D:2      | Noticed Robin
   710 | D:2      | Slain by a hobgoblin

Action                   || total
-------------------------++-------
Melee: Spear             ||    19
 Cast: Sandblast         ||    20
 Stab: Sleeping          ||     1
Armor: Robe              ||     4
Dodge: Dodged            ||    15
